Map: Aura da Morte LE

Players

I.A. 1 (Muito fácil) - Winner!

  • Race: Terran Terran
  • Spawn Location: 5:00

Wizard

  • Race: Zerg Zerg
  • League: Master
  • Spawn Location: 11:00

VOD

Have the link to the VOD?

Description

Time

  • Played on: Jan. 1, 2021, 8:46 p.m.
  • Length: 6:03
Show
View Real Time Build Order
Export as new Build Order

I.A. 1 (Muito fácil) Terran - Winner!

Build Orders:  

Get SALT Encoding   

  12  0:00  SCV  
  13  0:13  SCV  
  14  0:18  Supply Depot  
  14  0:37  Refinery  
  14  0:43  Barracks  
  14  1:05  Supply Depot  
  14  1:11  Refinery  
  14  1:30  Orbital Command, Marine  
  15  1:49  Barracks Tech Lab  
  15  1:55  SCV  
  16  2:08  SCV  
  17  2:14  Marine  
  18  2:20  SCV  
  19  2:32  SCV  
  21  2:44  SCV  
  21  2:56  SCV  
  21  2:58  Marauder  
  24  5:47  SCV  
Show
View Real Time Build Order
Export as new Build Order

Wizard Zerg 

Build Orders: Hatch First 

Get SALT Encoding   

  12  0:02  Drone  
  13  0:13  Overlord  
  13  0:16  Drone  
  14  0:32  Drone x2  
  16  0:48  Hatchery  
  15  0:52  Drone  
  16  0:57  Drone  
  16  0:58  Drone  
  18  1:13  Extractor, Spawning Pool  
  18  1:16  Drone  
  17  1:19  Drone  
  18  1:30  Drone  
  20  1:40  Drone  
  20  1:50  Overlord  
  20  1:59  Queen  
  20  2:00  Queen  
  24  2:01  Zergling x2  
  24  2:02  Zergling x2  
  26  2:11  Drone x2  
  28  2:16  Metabolic Boost  
  28  2:22  Drone  
  29  2:23  Drone  
  30  2:35  Hatchery  
  29  2:38  Drone  
  29  2:40  Drone  
  31  2:47  Queen  
  33  2:59  Overlord  
  33  3:01  Drone x3  
  36  3:13  Overlord  
  36  3:17  Drone x6  
  42  3:23  Queen  
  44  3:33  Spore Crawler, Drone x2  
  44  3:34  Spore Crawler  
  44  3:36  Drone  
  44  3:37  Drone  
  46  3:44  Drone x2  
  46  3:46  Drone x2  
  50  3:53  Drone x2  
  50  3:54  Drone  
  53  3:57  Spore Crawler  
  53  4:01  Lair  
  52  4:02  Extractor  
  52  4:04  Extractor  
  52  4:07  Roach Warren, Drone  
  52  4:08  Drone  
  51  4:10  Drone  
  51  4:15  Queen  
  54  4:21  Overlord x2  
  54  4:30  Pneumatized Carapace  
  54  4:39  Drone x2  
  56  4:49  Roach x2  
  56  4:50  Roach x5, Queen  
  56  4:51  Roach  
  74  5:04  Overlord x2  
  74  5:19  Overlord x3  
  74  5:22  Queen, Zergling x2  
  74  5:23  Zergling x12  
  74  5:27  Ravager  
  74  5:28  Ravager x3  
  87  5:31  Zergling x2  
  87  5:32  Zergling x4  
  90  5:37  Overlord x2  
  90  5:42  Zergling x2  
  91  5:43  Zergling x6  
  94  5:51  Ravager x3  
Tags
 
League
Master
Matchup
TvZ
Spawn Locations
Cross Positions
Add a new tag
Caveats
  • Supply blocks, unpowered buildings, or Contaminate may cause inaccurate times.
  • Supply counts are checked every 10 seconds.